 Dungeon Crawl Stone Soup version 0.19.1 (webtiles) character file.

150 Nakatomy the Shooter (level 5, 0/45 HPs)
             Began as a Centaur Hunter on Dec 27, 2016.
             Slain by a kobold
             ... wielding a +2 short sword of electrocution
              (14 damage)
             ... on level 3 of the Dungeon.
             The game lasted 00:05:42 (2847 turns).

Nakatomy the Shooter (Centaur Hunter)               Turns: 2847, Time: 00:05:42

Health: 0/45       AC:  5    Str: 14    XL:     5   Next: 10%
Magic:  5/5        EV:  9    Int: 10    God:
Gold:   68         SH:  0    Dex: 11    Spells: 0 memorised, 4 levels left

rFire  . . .     SeeInvis .     b - +0 short sword
rCold  . . .     Gourm    .     c - +0 leather armour
rNeg   . . .     Faith    .     (no shield)
rPois  .         Spirit   .     x - +0 helmet
rElec  .         Reflect  .     (no cloak)
rCorr  .         Harm     .     (no gloves)
MR     .....                    (no barding)
Stlth  +.........               (no amulet)
                                (no ring)
                                (no ring)

@: lethally poisoned (0 -> -2), heavily drained, very quick
A: hooves 3, deformed body, speed 2, tough skin 3
a: no special abilities


You were on level 3 of the Dungeon.
You were hungry.

You visited 1 branch of the dungeon, and saw 3 of its levels.

You collected 68 gold pieces.

Inventory:

Hand Weapons
 a - a +1 shortbow
 b - a +0 short sword (weapon)
Missiles
 d - 57 arrows
 p - 53 stones (quivered)
Armour
 c - a +0 leather armour (worn)
 x - a +0 helmet (worn)
Jewellery
 k - an uncursed ring of stealth {unknown}
 l - a cursed -2 ring of dexterity {unknown}
 v - an uncursed ring of magical power {unknown}
 B - an uncursed ring of positive energy {unknown}
Wands
 y - a wand of flame (0/48)
Scrolls
 h - a scroll of fear {unknown}
 m - a scroll of teleportation {unknown}
 n - 2 scrolls of remove curse {unknown}
 o - 3 scrolls of identify {unknown}
 q - a scroll of immolation {unknown}
 r - a scroll of enchant weapon {unknown}
 z - a scroll of magic mapping {unknown}
Potions
 e - 2 potions of brilliance {unknown}
 j - a potion of might {unknown}
 s - a potion of beneficial mutation {unknown}
 w - a potion of flight {unknown}
Comestibles
 f - 3 bread rations
 g - a beef jerky
 i - 4 fruits
 t - a slice of pizza
 u - 2 meat rations


   Skills:
 + Level 3.2(2.1) Fighting
 * Level 7.7(6.4) Bows
 - Level 1.3(0.3) Dodging
 - Level 0.4(0.0) Stealth


You had 4 spell levels left.
You didn't know any spells.

Dungeon Overview and Level Annotations

Branches:
Dungeon (3/15)

Altars:
Nemelex Xobeh
Sif Muna


Innate Abilities, Weirdness & Mutations

You have hooves in place of feet.
Armour fits poorly on your strangely shaped body.
You cover ground very quickly.
You have extremely tough skin. (AC +3)


Message History

The scorpion poisons you!
Firing (i - inventory. (,) - cycle):
d - 58 arrows (quivered)
Press: ? - help, Shift-Dir - straight line, f/p - scorpion
Aim: a scorpion (almost dead)
You shoot an arrow. The arrow hits the scorpion.
You kill the scorpion!
You have reached level 5!
You feel sick.
You start resting.
You feel sick. x10
A kobold comes into view.
It is wielding a short sword of electrocution.
A kobold is nearby!
A kobold is nearby!
b - a +0 short sword (weapon)
The kobold shouts!
You are too injured to fight recklessly!
You are too injured to fight recklessly!
You are too injured to fight recklessly!
The kobold hits you with a short sword of electrocution.
You are electrocuted!
You die...

####.#...#..........
.........#..........
#...).รท..........
#......##########
#......# #......#
#..#+#.# ###..#.#)#
#.@(.#.#)#
#K#..#...#
#.#..#...#
#.#..#.#.#
#.#.##.#.#
).#(##.#.#
#.#.##.#.# ..#
..#.#..#.# ..#
#......#


You could see a kobold.

Vanquished Creatures
  A scorpion (D:3)
  2 adders (D:2)
  2 oozes
  2 worms (D:2)
  4 dart slugs
  2 leopard geckos (D:2)
  3 orcs (D:3)
  5 bats
  A giant cockroach (D:1)
  7 goblins
  11 hobgoblins
  6 kobolds
  A ball python (D:2)
  2 frilled lizards
  5 rats
54 creatures vanquished.

Notes
Turn   | Place    | Note
-------+----------+-------------------------------------------
     0 | D:1      | Nakatomy the Centaur Hunter began the quest for the Orb.
     0 | D:1      | Reached XP level 1. HP: 17/17 MP: 1/1
   367 | D:1      | Reached XP level 2. HP: 23/24 MP: 2/2
   442 | D:1      | Reached skill level 6 in Bows
   868 | D:1      | Reached XP level 3. HP: 22/30 MP: 3/3
  1510 | D:2      | Found a sparkling altar of Nemelex Xobeh.
  1809 | D:2      | Reached XP level 4. HP: 35/37 MP: 4/4
  1943 | D:2      | Reached skill level 7 in Bows
  2122 | D:2      | Found a deep blue altar of Sif Muna.
  2826 | D:3      | Reached XP level 5. HP: 25/45 MP: 5/5
  2847 | D:3      | Slain by a kobold

Skill      XL: |  1  2  3  4 |
---------------+-------------+-----
Bows           | 6 7 |  7.7
Fighting       | 3 |  3.2
Dodging        | |  1.3
Stealth        | |  0.4

Action                   |  1- 3 |  4- 6 || total
-------------------------+-------+-------++-------
Melee: Short sword       |   137 |    40 ||   177
       Kick              |    29 |     9 ||    38
 Fire: Shortbow          |    17 |    12 ||    29
Evoke: Wand              |       |    12 ||    12
  Eat: Chunk             |     2 |     2 ||     4
Armor: Leather armour    |    49 |    13 ||    62
Dodge: Dodged            |    65 |    19 ||    84
